 Dungeon Crawl Stone Soup version 0.21-a0-78-g82a99e0 (webtiles) character file.

207 Fhqwhgads the Insei (level 5, 0/33 HPs)
             Began as an Octopode Transmuter on June 21, 2017.
             Slain by a wyvern skeleton (13 damage)
             ... on level 3 of the Dungeon.
             The game lasted 00:06:26 (2584 turns).

Fhqwhgads the Insei (Octopode Transmuter)           Turns: 2584, Time: 00:06:26

Health: 0/33       AC:  3    Str:  9    XL:     5   Next: 85%
Magic:  7/8        EV: 13    Int: 16    God:
Gold:   57         SH:  0    Dex: 13    Spells: 2/8 levels left

rFire    . . .     SeeInvis .     - Unarmed
rCold    . . .     Gourm    .   (no shield)
rNeg     . . .     Faith    .   i - +2 hat
rPois    .         Spirit   .   (no amulet)
rElec    .         Reflect  .   (no ring)
rCorr    .         Harm     .   (no ring)
MR       .....                  (no ring)
Stlth    ++........             (no ring)
HPRegen  0.11/turn              (no ring)
MPRegen  0.11/turn              (no ring)
                                (no ring)
                                (no ring)

@: appendage
A: almost no armour, stealthy swim, amphibious, 8 rings, constrict 8, tentacle
spike 3, camouflage 1, gelatinous body 1
a: End Transformation


You were on level 3 of the Dungeon.
You were not hungry.
One of your tentacles had a temporary spike.
You visited 1 branch of the dungeon, and saw 3 of its levels.

You collected 57 gold pieces.

Inventory:

Missiles
 a - 70 arrows
Armour
 i - a +2 hat (worn)
Wands
 f - a wand of disintegration (10/24)
 o - a wand of disintegration (12/24)
Scrolls
 d - a scroll of fear
 e - a scroll of remove curse
 j - 2 scrolls of teleportation
 m - a scroll of identify
Potions
 g - a potion of heal wounds
 l - a potion of mutation {unknown}
 n - a potion of berserk rage {unknown}
 p - a potion of curing {unknown}
Books
 b - a book of Changes

   Spells                             Type                      Level
   a - Beastly Appendage              Transmutation                1
   b - Sticks to Snakes               Transmutation                2
   c - Spider Form                    Transmutation/Poison         3
   d - Ice Form                       Ice/Transmutation            4
   e - Blade Hands                    Transmutation                5
Comestibles
 c - a bread ration
 k - 4 chunks of flesh


   Skills:
 - Level 1.0 Fighting
 - Level 2.0 Dodging
 - Level 4.8 Unarmed Combat
 - Level 2.0 Spellcasting
 + Level 4.4 Transmutations
 + Level 0.2 Poison Magic


You had 2 spell levels left.
You knew the following spells:

 Your Spells              Type           Power        Failure   Level  Hunger
a - Beastly Appendage     Tmut           ###...       3%          1    #......
b - Sticks to Snakes      Tmut           ###.....     4%          2    ###....
c - Spider Form           Tmut/Pois      #.........   24%         3    ###....


Dungeon Overview and Level Annotations

Branches:
Dungeon (3/15)

Altars:


Innate Abilities, Weirdness & Mutations

You cannot wear most types of armour.
You are very stealthy in the water. (Stealth+)
You are amphibious.
You can wear up to eight rings at the same time.
You can use your tentacles to constrict eight enemies at once.
Your skin changes colour to match your surroundings (Stealth+).
Your rubbery body absorbs attacks. (AC +1, EV +1)
One of your tentacles bears a large vicious spike.


Message History

No target in view!
No target in view!
There isn't anything here!
Things that are here:
a dagger; 3 stones; a kobold corpse You butcher the kobold corpse.
Items here: % ( ) รท a dagger; 3 stones; an inedible chunk of flesh; a kobold skeleton
f - a wand of disintegration (?/24)
A wyvern skeleton comes into view.
There isn't anything here!
A wyvern skeleton is nearby!
You tentacle-slap the wyvern skeleton.
The wyvern skeleton is lightly damaged.
The wyvern skeleton bites you!
Casting: Beastly Appendage
Confirm with . or Enter, or press ? or * to list all spells.
One of your tentacles grows a vicious spike.
The wyvern skeleton closely misses you. The wyvern skeleton bites you!
You die...

##.# .. #)....# #
#.#### #.
#.....####.
##....#
#.##.....#....
#####.##
#..........# .##
#..#######......##
.<#
##.....#.....).##
..#
#####...#.....#
..#
#####.....###...
....?.!
.....[.@..$...#
..#####
######Z########
.## ...# .. #..###
#.> #.# #. ... ..
..# .#


You could see a wyvern skeleton.

Vanquished Creatures
  A black bear (D:2)
  2 gnolls (D:2)
  5 adders (D:2)
  2 worms
  A dart slug (D:1)
  An orc (D:2)
  A ball python (D:2)
  5 giant cockroaches
  3 goblins (D:1)
  8 hobgoblins
  4 jackals (D:2)
  2 bats
  3 frilled lizards
  5 kobolds
  5 rats
48 creatures vanquished.

Notes
Turn   | Place    | Note
-------+----------+-------------------------------------------
     0 | D:1      | Fhqwhgads the Octopode Transmuter began the quest for the Orb.
     0 | D:1      | Reached XP level 1. HP: 13/13 MP: 3/3
   134 | D:1      | Reached XP level 2. HP: 17/18 MP: 5/5
   553 | D:1      | Learned a level 2 spell: Sticks to Snakes
   871 | D:2      | Reached XP level 3. HP: 11/23 MP: 4/6
  1378 | D:2      | Reached XP level 4. HP: 23/28 MP: 5/7
  2135 | D:2      | Noticed a black bear
  2141 | D:2      | Killed a black bear
  2141 | D:2      | Reached XP level 5. HP: 7/33 MP: 6/8
  2374 | D:2      | Learned a level 3 spell: Spider Form
  2517 | D:3      | Found a faded altar of an unknown god.
  2584 | D:3      | Slain by a wyvern skeleton

Vault maps used:
D:1:      lemuel_arrival_hallway
D:3:      lemuel_upstairs_altar, chequers_ecumenical_altar_simple_redux

Skill      XL: |  1  2  3  4 |
---------------+-------------+-----
Transmutations | 3 4 |  4.4
Unarmed Combat | 4 |  4.8
Fighting       | |  1.0
Dodging        | |  2.0
Spellcasting   | |  2.0
Poison Magic   | |  0.2

Action                   |  1- 3 |  4- 6 || total
-------------------------+-------+-------++-------
Melee: Unarmed           |    65 |    61 ||   126
       Constrict         |    16 |    13 ||    29
       Kick              |    16 |     7 ||    23
       Tentacles         |    11 |     8 ||    19
       Punch             |     3 |       ||     3
 Cast: Beastly Appendage |    12 |     8 ||    20
  Use: Scroll            |       |     6 ||     6
 Stab: Sleeping          |     6 |     1 ||     7
  Eat: Chunk             |     2 |     4 ||     6
Armor: Skin              |     7 |     7 ||    14
Dodge: Dodged            |    47 |    35 ||    82
